3R
FRANKLIN FIRE @ MAINE SEA DOGS
08/16/2042
 
TOP OF THE 1ST
Franklin Fire batting - Pitching for Maine Sea Dogs : LHP Pabiyan Ajiganoff
Pitching: LHP Pabiyan Ajiganoff
Batting: LHB Will Blalock 0-0: Ball
1-0: Foul Ball, location: 2F
1-1: Foul Ball, location: 2F
1-2: Ball
2-2: Fly out, F7 (Line Drive, 7, EV 105.0 MPH)
Batting: RHB Steve Roberts 0-0: Ball
1-0: SINGLE (Groundball, 6MD, EV 105.6 MPH)
Batting: RHB Kenny Benson 0-0: Called Strike
0-1: Swinging Strike
0-2: Foul Ball, location: 2F
0-2: Ball
1-2: Ball
2-2: Ball
3-2: SINGLE (Groundball, 34D, EV 95.0 MPH)
Steve Roberts to second
Runner from 2nd tries for 3rd, SAFE, throw by RF made to third
Batting: RHB Takeichi Hashimoto 0-0: Foul Ball, location: 2F
0-1: Ball
1-1: Ball
2-1: Called Strike
2-2: Strikes out swinging
Batting: LHB Ernie Knight 0-0: Ball
1-0: Called Strike
1-1: Fielders Choice at 2nd, 5-4 (Groundball, 56, EV 106.9 MPH)
Top of the 1st over - 0 runs, 2 hits, 0 errors, 2 left on base; Franklin 0 - Maine 0
BOTTOM OF THE 1ST
Maine Sea Dogs batting - Pitching for Franklin Fire : LHP John Ellis
Pitching: LHP John Ellis
Batting: SHB Cristóbal Calzacorta 0-0: Foul Ball, location: 2F
0-1: Ground out 4-3 (Groundball, 4, EV 101.9 MPH)
Batting: RHB Yong-oon P'i 0-0: Ball
1-0: Called Strike
1-1: Ball
2-1: Ground out 4-3 (Groundball, 4, EV 103.8 MPH)
Batting: SHB José Santos 0-0: Ball
1-0: Foul Ball, location: 2F
1-1: Ball
2-1: Fly out, F7 (Flyball, 7LMF, EV 90.0 MPH)
Bottom of the 1st over - 0 runs, 0 hits, 0 errors, 0 left on base; Franklin 0 - Maine 0
TOP OF THE 2ND
Franklin Fire batting - Pitching for Maine Sea Dogs : LHP Pabiyan Ajiganoff
Batting: RHB Daniel Black 0-0: SINGLE (Groundball, 34D, EV 98.1 MPH)
Batting: SHB Ji-hoon Ku 0-0: Ball
1-0: Foul Ball, location: 2F
1-1: Foul Ball, location: 2F
1-2: Strikes out looking
Batting: LHB John Campbell 0-0: Foul Ball, location: 2F
0-1: Ball
1-1: Foul Ball, location: 2F
1-2: Strikes out swinging
Batting: RHB Justin Cook 0-0: Swinging Strike
0-1: Ball
1-1: Ball
2-1: Ball
3-1: Foul Ball, location: 2F
3-2: Strikes out looking
Top of the 2nd over - 0 runs, 1 hit, 0 errors, 1 left on base; Franklin 0 - Maine 0
BOTTOM OF THE 2ND
Maine Sea Dogs batting - Pitching for Franklin Fire : LHP John Ellis
Batting: RHB Phil Hogan 0-0: Foul Ball, location: 2F
0-1: Ground out 5-3 (Groundball, 5, EV 85.6 MPH)
Batting: RHB Joe Fuller 0-0: Called Strike
0-1: Called Strike
0-2: Ground out 2-3 (Groundball, 2L, EV 67.5 MPH)
Batting: LHB Bill Fisher 0-0: Called Strike
0-1: Swinging Strike
0-2: Foul Ball, location: 2F
0-2: Ball
1-2: Strikes out swinging
Bottom of the 2nd over - 0 runs, 0 hits, 0 errors, 0 left on base; Franklin 0 - Maine 0
TOP OF THE 3RD
Franklin Fire batting - Pitching for Maine Sea Dogs : LHP Pabiyan Ajiganoff
Batting: LHB Will Blalock 0-0: Ball
1-0: Called Strike
1-1: SINGLE (Groundball, 6MD, EV 99.4 MPH)
Batting: RHB Steve Roberts 0-0: Swinging Strike
0-1: Ball
1-1: Ball
2-1: SINGLE (Line Drive, 8RS, EV 96.9 MPH)
Will Blalock to second
Batting: RHB Kenny Benson 0-0: Ball
1-0: Foul Ball, location: 2F
1-1: SINGLE (Line Drive, 9LS, EV 94.4 MPH)
Will Blalock to third
Steve Roberts to second
Batting: RHB Takeichi Hashimoto 0-0: Ball
1-0: Ball
2-0: Called Strike
2-1: Grounds into double play, 3-6-3 (Groundball, 34S, EV 85.6 MPH)
Will Blalock scores
Steve Roberts to third
Batting: LHB Ernie Knight 0-0: Swinging Strike
0-1: Ground out U3 (Groundball, 3, EV 86.2 MPH)
Top of the 3rd over - 1 run, 3 hits, 0 errors, 1 left on base; Franklin 1 - Maine 0
BOTTOM OF THE 3RD
Maine Sea Dogs batting - Pitching for Franklin Fire : LHP John Ellis
Batting: RHB Javier Carrodeguas 0-0: Called Strike
0-1: Called Strike
0-2: Foul Ball, location: 2F
0-2: Ball
1-2: SINGLE (Line Drive, 34D, EV 94.4 MPH)
Batting: LHB Héctor Ancelno 0-0: Ball
1-0: Ball
2-0: Foul Ball, location: 2F
2-1: Fly out, F4 (Line Drive, 4, EV 73.8 MPH)
Batting: RHB José Arizandieta 0-0: Ball
1-0: Swinging Strike
1-1: Fly out, F5 (Popup, 5SF, EV 68.1 MPH)
Batting: SHB Cristóbal Calzacorta 0-0: Foul Ball, location: 2F
0-1: Fly out, F6 (Popup, 6M, EV 59.4 MPH)
Bottom of the 3rd over - 0 runs, 1 hit, 0 errors, 1 left on base; Franklin 1 - Maine 0
TOP OF THE 4TH
Franklin Fire batting - Pitching for Maine Sea Dogs : LHP Pabiyan Ajiganoff
Batting: RHB Daniel Black 0-0: Ball
1-0: Called Strike
1-1: Hit by Pitch
Batting: SHB Ji-hoon Ku 0-0: Ball
1-0: Foul Ball, location: 2F
1-1: Swinging Strike
1-2: Ball
2-2: Fly out, F8 (Line Drive, 8LM, EV 92.5 MPH)
Batting: LHB John Campbell 0-0: Ball
1-0: SINGLE (Line Drive, 8RS, EV 101.9 MPH)
Daniel Black to second
Batting: RHB Justin Cook 0-0: Called Strike
0-1: Called Strike
0-2: Strikes out swinging
Batting: LHB Will Blalock 0-0: Called Strike
0-1: SINGLE (Groundball, 6D, EV 100.0 MPH)
Daniel Black to third
John Campbell to second
Runner from 3rd tries for Home, SAFE, no throw by CF
Batting: RHB Steve Roberts 0-0: Ball
1-0: Fielders Choice at 2nd, 5-4 (Groundball, 56, EV 97.5 MPH)
Top of the 4th over - 1 run, 2 hits, 0 errors, 2 left on base; Franklin 2 - Maine 0
BOTTOM OF THE 4TH
Maine Sea Dogs batting - Pitching for Franklin Fire : LHP John Ellis
Batting: RHB Yong-oon P'i 0-0: Called Strike
0-1: SOLO HOME RUN (Flyball, 7LD, EV 93.8 MPH), Distance : 382 ft
Batting: SHB José Santos 0-0: Ball
1-0: Ball
2-0: Called Strike
2-1: Ball
3-1: Fly out, F4 (Popup, 34S, EV 78.1 MPH)
Batting: RHB Phil Hogan 0-0: Called Strike
0-1: Ball
1-1: Called Strike
1-2: SINGLE (Flyball, 9LM, EV 102.5 MPH)
Batting: RHB Joe Fuller 0-0: Called Strike
0-1: Foul Ball, location: 2F
0-2: Ball
1-2: Ball
2-2: SINGLE (Groundball, 4D, EV 102.5 MPH)
Phil Hogan to second
Runner from 2nd tries for 3rd, SAFE, throw by CF made to third
Batting: LHB Bill Fisher 0-0: Called Strike
0-1: Foul Ball, location: 2F
0-2: Foul Ball, location: 2F
0-2: Ball
1-2: SINGLE (Groundball, 23, EV 68.1 MPH) (infield hit)
Joe Fuller to second
Batting: RHB Javier Carrodeguas 0-0: Ball
1-0: Ball
2-0: Called Strike
2-1: Ball
3-1: Foul Ball, location: 2F
3-2: Foul Ball, location: 2F
3-2: Fielders Choice at 2nd, 3-6 (Groundball, 3, EV 84.4 MPH)
Phil Hogan scores
Joe Fuller to third
Batting: LHB Héctor Ancelno 0-0: Ground out 4-3 (Groundball, 4, EV 100.0 MPH)
Bottom of the 4th over - 2 runs, 4 hits, 0 errors, 2 left on base; Franklin 2 - Maine 2
TOP OF THE 5TH
Franklin Fire batting - Pitching for Maine Sea Dogs : LHP Pabiyan Ajiganoff
Batting: RHB Kenny Benson 0-0: Ball
1-0: Called Strike
1-1: Swinging Strike
1-2: Ball
2-2: Foul Ball, location: 2F
2-2: SINGLE (Groundball, 56S, EV 81.9 MPH) (infield hit)
Batting: RHB Takeichi Hashimoto 0-0: Ball
1-0: Fly out, F8 (Flyball, 89M, EV 76.9 MPH)
Batting: LHB Ernie Knight 0-0: Ball
1-0: Foul Ball, location: 2F
1-1: Swinging Strike
1-2: Ball
2-2: Fielders Choice at 2nd, 4-6 (Groundball, 4, EV 106.9 MPH)
Batting: RHB Daniel Black 0-0: Foul Ball, location: 2F
0-1: Ball
1-1: Called Strike
1-2: Ground out 1-3 (Groundball, P, EV 66.9 MPH)
Top of the 5th over - 0 runs, 1 hit, 0 errors, 1 left on base; Franklin 2 - Maine 2
BOTTOM OF THE 5TH
Maine Sea Dogs batting - Pitching for Franklin Fire : LHP John Ellis
Batting: RHB José Arizandieta 0-0: Called Strike
0-1: Foul Ball, location: 2F
0-2: Ball
1-2: Fly out, F9 (Flyball, 9, EV 91.9 MPH)
Batting: SHB Cristóbal Calzacorta 0-0: Ground out 4-3 (Groundball, 4, EV 83.1 MPH)
Batting: RHB Yong-oon P'i 0-0: Ball
1-0: Ball
2-0: Ball
3-0: Called Strike
3-1: Foul Ball, location: 2F
3-2: Ground out 6-3 (Groundball, 56, EV 83.1 MPH)
Bottom of the 5th over - 0 runs, 0 hits, 0 errors, 0 left on base; Franklin 2 - Maine 2
TOP OF THE 6TH
Franklin Fire batting - Pitching for Maine Sea Dogs : LHP Pabiyan Ajiganoff
Batting: SHB Ji-hoon Ku 0-0: Ball
1-0: Foul Ball, location: 2F
1-1: Ball
2-1: Swinging Strike
2-2: Foul Ball, location: 2F
2-2: Ball
3-2: Base on Balls
Batting: LHB John Campbell 0-0: Called Strike
0-1: Ball
1-1: Ball
2-1: Sac Bunt to 3S - play at first, batter OUT! 3-4
Ji-hoon Ku to second
Pitching: RHP Michael Weber
Batting: RHB Justin Cook 0-0: Ball
1-0: Swinging Strike
1-1: Ball
Balk!
Ji-hoon Ku to third
2-1: Ball
3-1: Swinging Strike
3-2: SINGLE (Line Drive, 7S, EV 85.6 MPH)
Ji-hoon Ku scores
Batting: LHB Will Blalock 0-0: Called Strike
0-1: Ball
1-1: Foul Ball, location: 2F
1-2: Foul Ball, location: 2F
1-2: Fly out, F8 (Flyball, 89S, EV 78.1 MPH)
Batting: RHB Steve Roberts 0-0: Foul Ball, location: 2F
0-1: Foul Ball, location: 2F
0-2: Ball
1-2: Ball
2-2: Strikes out looking
Top of the 6th over - 1 run, 1 hit, 0 errors, 1 left on base; Franklin 3 - Maine 2
BOTTOM OF THE 6TH
Maine Sea Dogs batting - Pitching for Franklin Fire : LHP John Ellis
Batting: SHB José Santos 0-0: Called Strike
0-1: Foul Ball, location: 2F
0-2: Strikes out swinging
Batting: RHB Phil Hogan 0-0: Ball
1-0: Foul Ball, location: 2F
1-1: Swinging Strike
1-2: Foul Ball, location: 2F
1-2: Ball
2-2: Foul Ball, location: 2F
2-2: Ground out 6-3 (Groundball, 56, EV 106.9 MPH)
Batting: RHB Joe Fuller 0-0: Ball
1-0: Ball
2-0: Ball
3-0: Called Strike
3-1: Fly out, F8 (Flyball, 78D, EV 81.2 MPH)
Bottom of the 6th over - 0 runs, 0 hits, 0 errors, 0 left on base; Franklin 3 - Maine 2
TOP OF THE 7TH
Franklin Fire batting - Pitching for Maine Sea Dogs : RHP Michael Weber
Batting: RHB Kenny Benson 0-0: Ball
1-0: Swinging Strike
1-1: Foul Ball, location: 2F
1-2: Foul Ball, location: 2F
1-2: Ball
2-2: Fly out, F8 (Line Drive, 8RM, EV 90.0 MPH)
Batting: RHB Takeichi Hashimoto 0-0: Foul Ball, location: 2F
0-1: Fly out, F9 (Flyball, 9D, EV 106.9 MPH)
Batting: LHB Ernie Knight 0-0: Foul Ball, location: 2F
0-1: Ball
1-1: Foul Ball, location: 2F
1-2: Ball
2-2: Ball
3-2: Fly out, F6 (Popup, 56D, EV 65.0 MPH)
Top of the 7th over - 0 runs, 0 hits, 0 errors, 0 left on base; Franklin 3 - Maine 2
BOTTOM OF THE 7TH
Maine Sea Dogs batting - Pitching for Franklin Fire : LHP John Ellis
Batting: LHB Bill Fisher 0-0: Ball
1-0: Ball
2-0: Swinging Strike
2-1: DOUBLE (Line Drive, 8LD, EV 108.8 MPH)
Batting: RHB Javier Carrodeguas 0-0: Ground out 6-3 (Groundball, 6, EV 83.1 MPH)
Pinch Hitting: RHB Rutger McGroarty 0-0: Ball
1-0: Ball
2-0: Ball
3-0: Base on Balls
Pitching: RHP Paulus Kleijn
Batting: RHB José Arizandieta 0-0: SINGLE (Groundball, 56D, EV 104.4 MPH)
Bill Fisher to third
Rutger McGroarty to second
Runner from 3rd tries for Home, SAFE, no throw by LF
Batting: SHB Cristóbal Calzacorta 0-0: Ball
1-0: Ball
2-0: Foul Ball, location: 2F
2-1: Fly out, F8 (Flyball, 8RXD, EV 91.9 MPH)
Runner from 2nd tags up, SAFE at 3rd, no throw by CF
Batting: RHB Yong-oon P'i 0-0: Ball
1-0: Ball
2-0: Fly out, F7 (Flyball, 7S, EV 81.9 MPH)
Bottom of the 7th over - 1 run, 2 hits, 0 errors, 2 left on base; Franklin 3 - Maine 3
TOP OF THE 8TH
Franklin Fire batting - Pitching for Maine Sea Dogs : RHP Michael Weber
Now in RF: Rutger McGroarty
Batting: RHB Daniel Black 0-0: Ball
1-0: Ball
2-0: Ball
3-0: Called Strike
3-1: Called Strike
3-2: Ground out 6-3 (Groundball, 6, EV 75.6 MPH)
Batting: SHB Ji-hoon Ku 0-0: Ball
1-0: Foul Ball, location: 2F
1-1: Ground out 6-3 (Groundball, 6, EV 83.8 MPH)
Batting: LHB John Campbell 0-0: Ball
1-0: Ball
2-0: Foul Ball, location: 2F
2-1: Fly out, F9 (Flyball, 89M, EV 87.5 MPH)
Top of the 8th over - 0 runs, 0 hits, 0 errors, 0 left on base; Franklin 3 - Maine 3
BOTTOM OF THE 8TH
Maine Sea Dogs batting - Pitching for Franklin Fire : RHP Paulus Kleijn
Batting: SHB José Santos 0-0: Fly out, F9 (Line Drive, 9D, EV 96.9 MPH)
Batting: RHB Phil Hogan 0-0: Ball
1-0: Ball
2-0: Foul Ball, location: 2F
2-1: Called Strike
2-2: Strikes out swinging
Batting: RHB Joe Fuller 0-0: Called Strike
0-1: Ball
1-1: Ball
2-1: DOUBLE (Line Drive, 89XD, EV 99.4 MPH)
Batting: LHB Bill Fisher 0-0: Foul Ball, location: 2F
0-1: Foul Ball, location: 2F
0-2: Ball
1-2: Foul Ball, location: 2F
1-2: Ball
2-2: Ball
3-2: Foul Ball, location: 2F
3-2: Ground out 5-3 (Groundball, 56, EV 92.5 MPH)
Bottom of the 8th over - 0 runs, 1 hit, 0 errors, 1 left on base; Franklin 3 - Maine 3
TOP OF THE 9TH
Franklin Fire batting - Pitching for Maine Sea Dogs : RHP Michael Weber
Pitching: RHP Rob Green
Batting: RHB Justin Cook 0-0: Called Strike
0-1: Ball
1-1: Foul Ball, location: 2F
1-2: Foul Ball, location: 2F
1-2: Strikes out swinging
Batting: LHB Will Blalock 0-0: Called Strike
0-1: Swinging Strike
0-2: Ball
1-2: Fly out, F9 (Flyball, 9, EV 80.0 MPH)
Batting: RHB Steve Roberts 0-0: Swinging Strike
0-1: Called Strike
0-2: Ball
1-2: SINGLE (Groundball, 6D, EV 99.4 MPH)
Batting: RHB Kenny Benson 0-0: Ball
Steve Roberts steals 2nd base
1-0: Ball
2-0: Called Strike
2-1: Ball
3-1: Reached on error, E5 (Groundball, 56, EV 84.4 MPH)
Steve Roberts to third
Batting: RHB Takeichi Hashimoto 0-0: Ball
1-0: Foul Ball, location: 2F
1-1: Swinging Strike
1-2: Fly out, F7 (Flyball, 7, EV 90.6 MPH)
Top of the 9th over - 0 runs, 1 hit, 1 error, 2 left on base; Franklin 3 - Maine 3
BOTTOM OF THE 9TH
Maine Sea Dogs batting - Pitching for Franklin Fire : RHP Paulus Kleijn
Pitching: RHP Fepiku Alewina
Batting: RHB Javier Carrodeguas 0-0: Foul Ball, location: 2F
0-1: Swinging Strike
0-2: Foul Ball, location: 2F
0-2: Strikes out swinging
Batting: RHB Rutger McGroarty 0-0: Ball
1-0: Called Strike
1-1: Ball
2-1: Ball
3-1: Called Strike
3-2: Foul Ball, location: 2F
3-2: Base on Balls
Pinch Hitting: RHB Lenny Taunton 0-0: Ball
1-0: Grounds into double play, 5-4-3 (Groundball, 56, EV 83.8 MPH)
Bottom of the 9th over - 0 runs, 0 hits, 0 errors, 0 left on base; Franklin 3 - Maine 3
TOP OF THE 10TH
Franklin Fire batting - Pitching for Maine Sea Dogs : RHP Rob Green
Now at C: Lenny Taunton
Batting: LHB Ernie Knight 0-0: Swinging Strike
0-1: Foul Ball, location: 2F
0-2: Fly out, F9 (Line Drive, 9, EV 90.6 MPH)
Pinch Hitting: RHB He-ping Bu 0-0: Ball
1-0: Called Strike
1-1: Ball
2-1: Foul Ball, location: 2F
2-2: Ball
3-2: Fly out, F9 (Line Drive, 9D, EV 93.1 MPH)
Batting: SHB Ji-hoon Ku 0-0: Ball
1-0: Ball
2-0: Called Strike
2-1: Foul Ball, location: 2F
2-2: Ball
3-2: Ground out 6-3 (Groundball, 6, EV 83.1 MPH)
Top of the 10th over - 0 runs, 0 hits, 0 errors, 0 left on base; Franklin 3 - Maine 3
BOTTOM OF THE 10TH
Maine Sea Dogs batting - Pitching for Franklin Fire : RHP Fepiku Alewina
Now at 2B: Matt Carter
Batting: SHB Cristóbal Calzacorta 0-0: Swinging Strike
0-1: Called Strike
0-2: Foul Ball, location: 2F
0-2: Ball
1-2: Ball
2-2: Strikes out swinging
Batting: RHB Yong-oon P'i 0-0: Ground out 5-3 (Groundball, 56, EV 89.4 MPH)
Batting: SHB José Santos 0-0: Ball
1-0: Ground out 4-3 (Groundball, 4, EV 80.6 MPH)
Bottom of the 10th over - 0 runs, 0 hits, 0 errors, 0 left on base; Franklin 3 - Maine 3
TOP OF THE 11TH
Franklin Fire batting - Pitching for Maine Sea Dogs : RHP Rob Green
Pitching: LHP Yoshida Sasaki
Pinch Hitting: RHB Josh Doss 0-0: Foul Ball, location: 2F
0-1: Ground out 5-3 (Groundball, 56S, EV 83.1 MPH)
Batting: RHB Justin Cook 0-0: Ball
1-0: Foul Ball, location: 2F
1-1: Foul Ball, location: 2F
1-2: Strikes out swinging
Batting: LHB Will Blalock 0-0: Ball
1-0: Foul Ball, location: 2F
1-1: Swinging Strike
1-2: Ball
2-2: Ball
3-2: SINGLE (Groundball, 34D, EV 100.0 MPH)
Batting: RHB Steve Roberts 0-0: Ground out U3 (Groundball, 34S, EV 67.5 MPH)
Top of the 11th over - 0 runs, 1 hit, 0 errors, 1 left on base; Franklin 3 - Maine 3
BOTTOM OF THE 11TH
Maine Sea Dogs batting - Pitching for Franklin Fire : RHP Fepiku Alewina
Pitching: RHP Rafael Arroyo
Now at 1B: Will Bass
Batting: RHB Phil Hogan 0-0: Fly out, F8 (Flyball, 8RXD, EV 95.6 MPH)
Batting: RHB Joe Fuller 0-0: Called Strike
0-1: Ball
1-1: Swinging Strike
1-2: Strikes out swinging
Batting: LHB Bill Fisher 0-0: Ball
1-0: Swinging Strike
1-1: Foul Ball, location: 2F
1-2: Strikes out swinging
Bottom of the 11th over - 0 runs, 0 hits, 0 errors, 0 left on base; Franklin 3 - Maine 3
TOP OF THE 12TH
Franklin Fire batting - Pitching for Maine Sea Dogs : LHP Yoshida Sasaki
Batting: RHB Kenny Benson 0-0: Ground out 5-3 (Groundball, 56S, EV 82.5 MPH)
Batting: RHB Takeichi Hashimoto 0-0: Called Strike
0-1: Ball
1-1: Foul Ball, location: 2F
1-2: Strikes out swinging
Pinch Hitting: RHB Huibert Schipper 0-0: SINGLE (Groundball, 34, EV 107.5 MPH) (infield hit)
Batting: SHB Matt Carter 0-0: Ball
1-0: Swinging Strike
1-1: Ball
2-1: Ball
3-1: Base on Balls
Huibert Schipper to second
Batting: SHB Ji-hoon Ku 0-0: Called Strike
0-1: Ball
1-1: Fly out, F3 (Line Drive, 4, EV 66.2 MPH)
Top of the 12th over - 0 runs, 1 hit, 0 errors, 2 left on base; Franklin 3 - Maine 3
BOTTOM OF THE 12TH
Maine Sea Dogs batting - Pitching for Franklin Fire : RHP Rafael Arroyo
Now in CF: Ivar Kooiman
Batting: RHB Javier Carrodeguas 0-0: Called Strike
0-1: Hit by Pitch
Batting: RHB Rutger McGroarty 0-0: Ball
1-0: SINGLE (Groundball, 34, EV 101.9 MPH) (infield hit)
Javier Carrodeguas to second
Batting: RHB Lenny Taunton 0-0: Ball
1-0: Ball
2-0: Foul Ball, location: 2F
2-1: Called Strike
2-2: Foul Ball, location: 2F
2-2: Ground out 6-3 (Groundball, 6, EV 85.0 MPH)
Javier Carrodeguas to third
Rutger McGroarty to second
Batting: SHB Cristóbal Calzacorta 0-0: Called Strike
0-1: Ball
1-1: Foul Ball, location: 2F
1-2: Ball
2-2: Foul Ball, location: 2F
2-2: Strikes out looking
Batting: RHB Yong-oon P'i 0-0: Called Strike
0-1: Ball
1-1: Foul Ball, location: 2F
1-2: Ball
2-2: Ball
3-2: Foul Ball, location: 2F
3-2: Fly out, F8 (Flyball, 8RS, EV 96.9 MPH)
Bottom of the 12th over - 0 runs, 1 hit, 0 errors, 2 left on base; Franklin 3 - Maine 3
TOP OF THE 13TH
Franklin Fire batting - Pitching for Maine Sea Dogs : LHP Yoshida Sasaki
Pitching: RHP Ignacio González
Batting: SHB Will Bass 0-0: Fly out, F7 (Flyball, 7D, EV 103.8 MPH)
Batting: RHB Justin Cook 0-0: Called Strike
0-1: Ball
1-1: Fly out, F7 (Flyball, 78S, EV 95.0 MPH)
Batting: LHB Will Blalock 0-0: Swinging Strike
0-1: Foul Ball, location: 2F
0-2: Strikes out swinging
Top of the 13th over - 0 runs, 0 hits, 0 errors, 0 left on base; Franklin 3 - Maine 3
BOTTOM OF THE 13TH
Maine Sea Dogs batting - Pitching for Franklin Fire : RHP Rafael Arroyo
Batting: SHB José Santos 0-0: Called Strike
0-1: Ball
1-1: Swinging Strike
1-2: Ball
2-2: Ball
3-2: Strikes out swinging
Batting: RHB Phil Hogan 0-0: Ball
1-0: Ball
2-0: Called Strike
2-1: Swinging Strike
2-2: Ball
3-2: Base on Balls
Batting: RHB Joe Fuller 0-0: Ball
1-0: Foul Ball, location: 2F
1-1: Ball
2-1: Foul Ball, location: 2F
2-2: Foul Ball, location: 2F
2-2: Foul Ball, location: 2F
2-2: Foul Ball, location: 2F
2-2: Foul Ball, location: 2F
2-2: Grounds into double play, 6-4-3 (Groundball, 6, EV 90.6 MPH)
Bottom of the 13th over - 0 runs, 0 hits, 0 errors, 0 left on base; Franklin 3 - Maine 3
TOP OF THE 14TH
Franklin Fire batting - Pitching for Maine Sea Dogs : RHP Ignacio González
Batting: RHB Steve Roberts 0-0: Called Strike
0-1: Foul Ball, location: 2F
0-2: Ball
1-2: Foul Ball, location: 2F
1-2: Strikes out swinging
Batting: RHB Kenny Benson 0-0: Called Strike
0-1: Ball
1-1: Ground out 5-3 (Groundball, 56, EV 90.6 MPH)
Batting: RHB Takeichi Hashimoto 0-0: Ball
1-0: Ball
2-0: Swinging Strike
2-1: Foul Ball, location: 2F
2-2: Strikes out swinging
Top of the 14th over - 0 runs, 0 hits, 0 errors, 0 left on base; Franklin 3 - Maine 3
BOTTOM OF THE 14TH
Maine Sea Dogs batting - Pitching for Franklin Fire : RHP Rafael Arroyo
Batting: LHB Bill Fisher 0-0: Called Strike
0-1: Ground out 6-3 (Groundball, 6, EV 100.6 MPH)
Batting: RHB Javier Carrodeguas 0-0: Called Strike
0-1: Foul Ball, location: 2F
0-2: Ball
1-2: Foul Ball, location: 2F
1-2: Ball
2-2: Foul Ball, location: 2F
2-2: Strikes out looking
Batting: RHB Rutger McGroarty 0-0: Swinging Strike
0-1: Ball
1-1: Ball
2-1: Swinging Strike
2-2: Foul Ball, location: 2F
2-2: Foul Ball, location: 2F
2-2: Strikes out looking
Bottom of the 14th over - 0 runs, 0 hits, 0 errors, 0 left on base; Franklin 3 - Maine 3
TOP OF THE 15TH
Franklin Fire batting - Pitching for Maine Sea Dogs : RHP Ignacio González
Batting: SHB Ivar Kooiman 0-0: Ball
1-0: Ball
2-0: Ball
3-0: Called Strike
3-1: Swinging Strike
3-2: Base on Balls
Batting: SHB Matt Carter 0-0: Bunted foul
0-1: Sac Bunt to 5S - play at first, batter OUT! 5-4
Ivar Kooiman to second
Batting: SHB Ji-hoon Ku 0-0: Foul Ball, location: 2F
0-1: Ball
1-1: Swinging Strike
1-2: Foul Ball, location: 2F
1-2: Foul Ball, location: 2F
1-2: Ball
2-2: DOUBLE (Flyball, 8RXD, EV 99.4 MPH)
Ivar Kooiman scores
Batting: SHB Will Bass 0-0: Called Strike
0-1: Called Strike
0-2: Strikes out swinging
Batting: RHB Justin Cook 0-0: Ball
1-0: Called Strike
1-1: Ball
2-1: Foul Ball, location: 2F
2-2: Foul Ball, location: 2F
2-2: Ball
3-2: Foul Ball, location: 2F
3-2: Strikes out swinging
Top of the 15th over - 1 run, 1 hit, 0 errors, 1 left on base; Franklin 4 - Maine 3
BOTTOM OF THE 15TH
Maine Sea Dogs batting - Pitching for Franklin Fire : RHP Rafael Arroyo
Now at 1B: Pepe Flores
Now in CF: Wu-ji Shang
Batting: RHB Lenny Taunton 0-0: Swinging Strike
0-1: Swinging Strike
0-2: Foul Ball, location: 2F
0-2: Ball
1-2: Ball
2-2: Foul Ball, location: 2F
2-2: Strikes out swinging
Batting: SHB Cristóbal Calzacorta 0-0: Called Strike
0-1: SOLO HOME RUN (Flyball, 9LD, EV 103.1 MPH), Distance : 382 ft
Batting: RHB Yong-oon P'i 0-0: Called Strike
0-1: Foul Ball, location: 2F
0-2: Ball
1-2: Hit by Pitch
Batting: SHB José Santos 0-0: Fielders Choice at 2nd, 4-6 (Groundball, 4, EV 90.0 MPH)
Batting: RHB Phil Hogan 0-0: Ball
1-0: Ball
2-0: TRIPLE (Flyball, 9D, EV 91.2 MPH)
José Santos scores
Friday, March 26th, 2021 - OOTP Baseball 20.8 Build 74